 Dungeon Crawl Stone Soup version 0.23-a0-319-gb40ba49 (webtiles) character file.

16102 Amnesiac the Geomancer (level 12, 0/91 HPs)
             Began as a Deep Dwarf Earth Elementalist on Oct 15, 2018.
             Was a High Priest of Sif Muna.
             Slain by a two-headed ogre
             ... wielding a +0 dire flail
              (1 damage)
             ... on level 12 of the Dungeon.
             The game lasted 00:31:45 (13772 turns).

Amnesiac the Geomancer (DDEE)                      Turns: 13772, Time: 00:31:45

Health: 0/91       AC: 14    Str: 13    XL:     12   Next: 7%
Magic:  12/36      EV: 13    Int: 20    God:    Sif Muna [*****.]
Gold:   560        SH:  0    Dex: 13    Spells: 22/34 levels left

rFire    . . .     SeeInvis +   b - +3 dagger (flame)
rCold    . . .     Gourm    .   (no shield)
rNeg     . . .     Faith    .   L - +0 troll leather armour
rPois    .         Spirit   .   l - +0 helmet
rElec    .         Reflect  .   j - scarf {cloud immunity}
rCorr    .         Harm     .   s - +2 pair of gloves of Galuolof {*Slow MP+9 SInv}
MR       +....                  (no boots)
Stlth    ++........             (no amulet)
HPRegen  0.00/turn              m - ring of see invisible
MPRegen  0.25/turn              u - +6 ring of protection

@: non-regenerating, divine energy
A: damage resistance, heal wounds, sense surroundings 2, no regeneration
a: Heal Wounds, Stop Divine Energy, Channel Magic, Forget Spell, Renounce
Religion


You were on level 12 of the Dungeon.
You worshipped Sif Muna.
Sif Muna was extremely pleased with you.
You were hungry.

You visited 1 branch of the dungeon, and saw 12 of its levels.
You also visited: Sewer.

You collected 742 gold pieces.
You spent 182 gold pieces at shops.

Inventory:

Hand Weapons
 a - the +2 dagger of Laul {holy, rPois rN+ Int+4 Dex+2}
   (You found it on level 8 of the Dungeon)

   It has been blessed by the Shining One to cause great damage to the undead
   and demons.
   It affects your intelligence (+4).
   It affects your dexterity (+2).
   It protects you from poison.
   It protects you from negative energy.
 b - a +3 dagger of flaming (weapon)
 z - the +6 whip of Integrity {flame, *Corrode rC+++ Int+4 SInv}
   (You found it on level 4 of the Dungeon)

   It has been specially enchanted to burn those struck by it, causing extra
   injury to most foes and up to half again as much damage against particularly
   susceptible opponents.
   It affects your intelligence (+4).
   It renders you almost immune to cold.
   It lets you see invisible.
   It may corrode you when you take damage.
Missiles
 y - 190 stones (quivered)
Armour
 j - a scarf of cloud immunity (worn)
 l - a +0 helmet (worn)
 s - the +2 pair of gloves of Galuolof (worn) {*Slow MP+9 SInv}
   (You found it on level 7 of the Dungeon)

   It affects your magic capacity (+9).
   It lets you see invisible.
   It may slow you when you take damage.
 L - a +0 troll leather armour (worn)
Magical Staves
 B - an uncursed staff of earth
 E - an uncursed staff of conjuration
Jewellery
 m - a ring of see invisible (left hand)
 u - a +6 ring of protection (right hand)
 F - an uncursed ring of ice
 I - a +4 ring of strength
Wands
 c - a wand of digging (15)
 w - a wand of clouds (9)
 C - a wand of flame (1)
 G - a wand of paralysis (7)
 H - a wand of disintegration (13)
 J - a wand of iceblast (9)
Scrolls
 f - 2 scrolls of teleportation {!r}
 g - 4 scrolls of fear {!r}
 i - 2 scrolls of blinking {!r}
 k - 8 scrolls of remove curse {!r}
 n - 5 scrolls of magic mapping {!r}
 o - 2 scrolls of enchant weapon {!r}
 p - 9 scrolls of fog {!r}
 t - 3 scrolls of identify {!r}
 v - 3 scrolls of enchant armour {!r}
 x - a scroll of amnesia {!r, unknown}
Potions
 e - 2 potions of might {!q}
 h - 5 potions of flight {!q}
 q - a potion of magic {!q}
 r - 2 potions of berserk rage {!q}
 A - a potion of invisibility {!q}
 D - 2 potions of haste {!q}
 O - 2 potions of lignification {!q}
Comestibles
 d - 22 rations


   Skills:
 - Level 1.0 Fighting
 - Level 2.0 Short Blades
 - Level 4.0 Staves
 - Level 4.0 Dodging
 - Level 4.0 Stealth
 + Level 11.8 Spellcasting
 - Level 1.0 Transmutations
 * Level 12.6 Earth Magic
 - Level 8.0 Invocations
 + Level 6.1 Evocations


You had 22 spell levels left.
You knew the following spells:

 Your Spells              Type           Power        Failure   Level  Hunger
a - Sandblast             Erth           ######       1%          1    None
b - Passwall              Tmut/Erth      #####...     1%          2    None
d - Lee's Rapid Deconstr  Erth           ######....   1%          5    ####...
e - Petrify               Tmut/Erth      #####...     4%          4    #......

Your spell library contained the following spells:

 Spells                   Type           Power        Failure   Level  Hunger
 Stone Arrow              Conj/Erth      #####.       1%          3    None
 Leda's Liquefaction      Hex/Erth       #####.....   5%          4    #......
 Confusing Touch          Hex            ##....       8%          1    None
 Flame Tongue             Conj/Fire      ##...        8%          1    None
 Sting                    Conj/Pois      ##..         8%          1    None
 Summon Butterflies       Summ           ##......     8%          1    None
 Ensorcelled Hibernation  Hex/Ice        ##....       11%         2    None
 Poisonous Vapours        Pois/Air       ##....       11%         2    None
 Swiftness                Chrm/Air       ##......     11%         2    None
 Throw Flame              Conj/Fire      ##....       11%         2    None
 Call Canine Familiar     Summ           ##......     22%         3    None
 Conjure Flame            Conj/Fire      ##......     22%         3    None
 Inner Flame              Hex/Fire       ##......     22%         3    None
 Mephitic Cloud           Conj/Pois/Air  ##......     22%         3    None
 Recall                   Summ/Tloc      N/A          22%         3    None
 Bolt of Magma            Conj/Fire/Erth ####......   34%         5    ####...
 Olgreb's Toxic Radiance  Pois           ##......     58%         4    #......
 Sticky Flame             Conj/Fire      ##......     58%         4    #......
 Summon Ice Beast         Ice/Summ       ##......     58%         4    #......
 Aura of Abjuration       Summ           ##........   90%         5    ####...
 Excruciating Wounds      Chrm/Necr      ##........   90%         5    ####...
 Fireball                 Conj/Fire      ##........   90%         5    ####...
 Iskenderun's Battlesphe  Conj/Chrm      ##......     90%         5    ####...
 Summon Demon             Summ           ##........   90%         5    ####...
 Summon Forest            Summ/Tloc      ##........   90%         5    ####...
 Summon Mana Viper        Hex/Summ       ##......     90%         5    ####...
 Venom Bolt               Conj/Pois      ##........   90%         5    ####...
 Shadow Creatures         Summ           N/A          100%        6    ######.
 Simulacrum               Ice/Necr       ##........   100%        6    ######.
 Malign Gateway           Summ/Tloc      ##........   100%        7    #######
 Monstrous Menagerie      Summ           ##........   100%        7    #######
 Ring of Flames           Chrm/Fire      ##........   100%        7    #######
 Summon Greater Demon     Summ           ##........   100%        7    #######
 Summon Hydra             Summ           ##........   100%        7    #######
 Death's Door             Chrm/Necr      ##........   100%        8    #######
 Summon Horrible Things   Summ           ##........   100%        8    #######


Dungeon Overview and Level Annotations

Branches:
Dungeon (12/15)            Temple (0/1) D:6            Lair (0/6) D:8
    Orc (0/2) D:9

Altars:
Ashenzari
Dithmenos
Gozag
Hepliaklqana
Kikubaaqudgha
Makhleb
Nemelex Xobeh
Okawaru
Ru
Sif Muna
Vehumet
Xom

Shops:
D:6 !


Innate Abilities, Weirdness & Mutations

You are resistant to damage.
You can heal yourself by infusing magical energy.
You passively map the area around you.
You do not regenerate.


Message History

Press: ? - help, Shift-Dir - straight line, f/p - two-headed ogre
Aim: a two-headed ogre, wielding a dire flail and a giant club (chance to The two-headed ogre resists with some effort.
Unknown command.
Casting: Petrify (safe; 4% risk of failure)
Confirm with . or Enter, or press ? or * to list all spells.
Aiming: Petrify (safe; 4% risk of failure)
Press: ? - help, Shift-Dir - straight line, f/p - two-headed ogre
Aim: a two-headed ogre, wielding a dire flail and a giant club (chance to You miscast Petrify.
Sif Muna protects you from the effects of your miscast!
The two-headed ogre hits you with a dire flail!
* * * LOW HITPOINT WARNING * * *
The two-headed ogre completely misses you.
Unknown command.
Casting: Petrify (safe; 4% risk of failure)
Confirm with . or Enter, or press ? or * to list all spells.
Aiming: Petrify (safe; 4% risk of failure)
Press: ? - help, Shift-Dir - straight line, f/p - two-headed ogre
Aim: a two-headed ogre, wielding a dire flail and a giant club (chance to The two-headed ogre resists with some effort.
The two-headed ogre closely misses you.
The two-headed ogre hits you with a giant club.
* * * LOW HITPOINT WARNING * * *
Found 15 arrows.
You see here a sky beast corpse.
Okay, then.
You are feeling hungry.
Casting: Petrify (safe; 4% risk of failure)
Confirm with . or Enter, or press ? or * to list all spells.
Aiming: Petrify (safe; 4% risk of failure)
Press: ? - help, Shift-Dir - straight line, f/p - two-headed ogre
Aim: a two-headed ogre, wielding a dire flail and a giant club (chance to The two-headed ogre resists with some effort.
The two-headed ogre barely misses you.
The two-headed ogre hits you with a giant club!
* * * LOW HITPOINT WARNING * * *
Unknown command.
Casting: Petrify (safe; 4% risk of failure)
Confirm with . or Enter, or press ? or * to list all spells.
Aiming: Petrify (safe; 4% risk of failure)
Press: ? - help, Shift-Dir - straight line, f/p - two-headed ogre
Aim: a two-headed ogre, wielding a dire flail and a giant club (chance to The two-headed ogre is moving more slowly.
Unknown command.
The two-headed ogre stops moving altogether!
The helpless two-headed ogre fails to defend itself.
You impale the two-headed ogre!! You burn the two-headed ogre.
The two-headed ogre is lightly wounded.
The helpless two-headed ogre fails to defend itself.
You puncture the two-headed ogre! You burn the two-headed ogre.
The two-headed ogre is moderately wounded.
The two-headed ogre is no longer petrified.
The two-headed ogre hits you but does no damage.
The two-headed ogre closely misses you.
You hit the two-headed ogre but do no damage.
The two-headed ogre is moderately wounded.
The two-headed ogre hits you but does no damage.
The two-headed ogre hits you with a giant club!
* * * LOW HITPOINT WARNING * * *
You hit the two-headed ogre but do no damage.
The two-headed ogre is moderately wounded.
The two-headed ogre hits you with a dire flail.
You die...

### ####<####
#.......#
#.......#
##.......#
#..O@....# * **
#........# ,
###.######## ,
#.........#######
,
#.#.##>.........'
#.#..#.##....###
#.##.#.##....# , ,
#####....#.......#
,
#.....†###.###...#
,


You could see a two-headed ogre.

Vanquished Creatures
  Harold (D:11)
  2 two-headed ogres
  Pikel (D:9)
  2 unseen horrors (D:11)
  A manticore (D:11)
  2 gargoyles (D:11)
  2 trolls
  3 hornets
  5 hippogriffs
  A spriggan (D:8)
  11 yaks
  A wyvern (D:11)
  2 hungry ghosts
  A warg (D:9)
  A water moccasin (D:10)
  3 black bears
  A slave (D:9)
  5 sky beasts
  2 ice beasts
  7 orc warriors
  2 ogres
  A phantom (D:6)
  6 centaurs
  A crocodile (D:10)
  3 big kobolds
  A wyvern zombie (D:12)
  5 bullfrogs
  2 wyvern skeletons
  5 scorpions
  9 killer bees
  A howler monkey (D:7)
  13 crimson imps
  2 bullfrog zombies
  4 centaur zombies
  A quasit (D:10)
  13 orc priests
  7 hounds
  3 jellies
  15 orc wizards
  4 centaur skeletons
  6 iguanas
  4 bullfrog skeletons
  11 worker ants
  2 hound zombies
  3 hound skeletons
  A howler monkey zombie (D:11)
  A worker ant zombie (D:7)
  10 adders
  4 gnolls (D:4)
  A river rat (D:5)
  4 shadow imps
  7 oozes
  2 adder zombies (D:6)
  9 worms
  12 leopard geckos
  43 orcs
  4 giant cockroaches
  6 goblins
  9 hobgoblins
  10 jackals
  22 kobolds
  7 quokkas
  4 ball pythons
  10 bats
  4 frilled lizards
  2 jackal skeletons
  A leopard gecko zombie (D:8)
  3 quokka skeletons
  9 rats
363 creatures vanquished.

Vanquished Creatures (others)
  A slave (D:9)
  An iguana (D:12)
2 creatures vanquished.

Grand Total: 365 creatures vanquished

Notes
Turn   | Place    | Note
-------+----------+-------------------------------------------
     0 | D:1      | Amnesiac the Deep Dwarf Earth Elementalist began the quest
                  | for the Orb.
     0 | D:1      | Reached XP level 1. HP: 15/15 MP: 3/3
    48 | D:2      | Reached XP level 2. HP: 22/22 MP: 1/5
    52 | D:2      | Learned a level 2 spell: Passwall
   130 | D:2      | Reached skill level 1 in Transmutations
   217 | D:2      | Reached skill level 5 in Earth Magic
   493 | D:2      | Reached XP level 3. HP: 24/28 MP: 0/6
   727 | D:4      | Noticed an ogre
   740 | D:4      | Killed an ogre
   740 | D:4      | Reached skill level 1 in Short Blades
   740 | D:4      | Reached skill level 6 in Earth Magic
   740 | D:4      | Reached XP level 4. HP: 23/36 MP: 3/8
   746 | D:4      | Learned a level 4 spell: Petrify
   870 | D:4      | Reached XP level 5. HP: 27/42 MP: 7/9
  1032 | D:5      | Entered Level 5 of the Dungeon
  1055 | D:5      | Found a deep blue altar of Sif Muna.
  1056 | D:5      | Found an iron altar of Okawaru.
  1064 | D:5      | Became a worshipper of Sif Muna the Loreminder
  1166 | D:5      | Found a glowing drain.
  1167 | Sewer    | Entered a sewer
  1455 | Sewer    | Reached skill level 7 in Earth Magic
  1570 | Sewer    | Reached XP level 6. HP: 25/49 MP: 2/10
  1689 | D:5      | Reached * piety under Sif Muna
  2778 | D:3      | Reached skill level 8 in Earth Magic
  2851 | D:3      | Reached ** piety under Sif Muna
  3651 | D:3      | Reached XP level 7. HP: 49/55 MP: 10/12
  3682 | D:3      | Learned a level 5 spell: Lee's Rapid Deconstruction
  4102 | D:4      | Got a jewelled whip
  4316 | D:4      | Found a hazy altar of Hepliaklqana.
  4323 | D:4      | Found a sacrificial altar of Ru.
  4529 | D:4      | Reached skill level 1 in Fighting
  4783 | D:5      | Reached skill level 9 in Earth Magic
  4876 | D:5      | Identified the +6 whip of Integrity {flame, *Corrode rC+++
                  | Int+4 SInv} (You found it on level 4 of the Dungeon)
  5292 | D:6      | Reached skill level 1 in Invocations
  5297 | D:6      | Reached XP level 8. HP: 34/64 MP: 5/14
  5373 | D:6      | Reached skill level 10 in Earth Magic
  5455 | D:6      | Reached skill level 5 in Spellcasting
  5509 | D:6      | Found an opulent altar of Gozag.
  5510 | D:6      | Found a sparkling altar of Nemelex Xobeh.
  5537 | D:6      | Reached skill level 5 in Invocations
  5681 | D:6      | Found Facutuq's Distillery.
  5686 | D:6      | Bought a potion of curing for 42 gold pieces
  5686 | D:6      | Bought a potion of heal wounds for 70 gold pieces
  5686 | D:6      | Bought a potion of heal wounds for 70 gold pieces
  5795 | D:6      | Reached *** piety under Sif Muna
  6344 | D:6      | Found a staircase to the Ecumenical Temple.
  6470 | D:7      | Got a pair of faintly humming gloves
  6481 | D:7      | Identified the +2 pair of gloves of Galuolof {*Slow MP+9
                  | SInv} (You found it on level 7 of the Dungeon)
  6623 | D:7      | Gained mutation: You passively map the area around you.
                  | [Deep Dwarf growth]
  6623 | D:7      | Reached XP level 9. HP: 38/70 MP: 2/17
  6898 | D:7      | Identified the Collected Works on Captivating Black Rites
  7037 | D:7      | Got a brightly glowing long sword {holy}
  7038 | D:7      | Identified the +3 long sword of Freehold {holy, rPois} (You
                  | took it off an orc warrior on level 7 of the Dungeon)
  7113 | D:7      | Found a shattered altar of Ashenzari.
  7114 | D:7      | Found a shimmering altar of Xom.
  7115 | D:7      | Found a burning altar of Makhleb.
  7115 | D:7      | Found a shadowy altar of Dithmenos.
  7395 | D:7      | Found an ancient bone altar of Kikubaaqudgha.
  7462 | D:8      | Got a crystal dagger
  7463 | D:8      | Identified the +2 dagger of Laul {holy, rPois rN+ Int+4
                  | Dex+2} (You found it on level 8 of the Dungeon)
  7523 | D:8      | Identified a scroll of acquirement {!r}
  7551 | D:8      | Reached **** piety under Sif Muna
  8248 | D:8      | Found a staircase to the Lair.
  8517 | D:8      | Reached XP level 10. HP: 47/78 MP: 12/22
  8597 | D:8      | Found a burning altar of Makhleb.
  8597 | D:8      | Found a radiant altar of Vehumet.
  8779 | D:9      | Found a staircase to the Orcish Mines.
  9088 | D:9      | Noticed Pikel
  9099 | D:9      | Killed Pikel
  9099 | D:9      | Reached ***** piety under Sif Muna
  9268 | D:9      | Reached skill level 10 in Spellcasting
  9600 | D:9      | Noticed a two-headed ogre
  9629 | D:9      | Killed a two-headed ogre
  9629 | D:9      | Identified Sif Muna's Handbook of the Mountains and Fire
                  | (Sif Muna gifted it to you on level 9 of the Dungeon)
  9629 | D:9      | Received a gift from Sif Muna
 10364 | D:10     | Entered Level 10 of the Dungeon
 10567 | D:10     | Reached XP level 11. HP: 65/84 MP: 24/25
 10717 | D:10     | Noticed a two-headed ogre
 10720 | D:10     | Killed a two-headed ogre
 10720 | D:10     | Reached skill level 1 in Staves
 10720 | D:10     | Reached skill level 11 in Earth Magic
 10720 | D:10     | Reached skill level 1 in Evocations
 11950 | D:11     | Noticed an unseen horror
 11954 | D:11     | Killed an unseen horror
 12049 | D:11     | Noticed Harold
 12064 | D:11     | Killed Harold
 12234 | D:11     | Identified Onaruudgh's Guide on Protection (Sif Muna gifted
                  | it to you on level 11 of the Dungeon)
 12234 | D:11     | Received a gift from Sif Muna
 12800 | D:11     | Noticed an unseen horror
 12806 | D:11     | Killed an unseen horror
 12806 | D:11     | Reached skill level 5 in Evocations
 12975 | D:11     | Reached skill level 12 in Earth Magic
 13508 | D:12     | Noticed a death knight
 13527 | D:12     | Reached XP level 12. HP: 46/91 MP: 5/27
 13542 | D:12     | Noticed a two-headed ogre
 13771 | D:12     | HP: 1/91 [two-headed ogre/dire flail (13)]
 13772 | D:12     | Slain by a two-headed ogre

Vault maps used:
D:1:      lemuel_arrival_broad_hall
D:3:      item_on_display_a
D:4:      nicolae_overflow_hidden_temple, serial_co_window_serial,
          co_window_paths_a, co_window_corner_a, co_window_paths_a,
          co_window_corner_a, co_window_cross_1, co_window_cross_2,
          co_window_broadway_a, co_window_2corner, co_window_corner_cb,
          co_window_corner_b, co_window_4corner_b, glass_columns_a,
          glass_columns_a, first_ration, chequers_hall_statues_corner_a,
          grunt_ministairs_6
D:5:      gammafunk_temple_overflow_pools, gup_sewer_entry_spiral
D:6:      grunt_temple_overflow_opulence, minmay_temple_entry_enclosed_plants,
          serial_shops, shop
D:7:      minmay_the_grid_octo_2x2, marbit_many_paths
D:8:      grunt_temple_overflow_lords_of_destruction, lair_entry_dummy,
          the_bakery, hangedman_abyss_or_decor_jellyfish_corner
D:9:      david_orc_1_choice, minmay_misc_feat_doors, billiards_dpeg, uniq_pikel
D:11:     uniq_harold
D:12:     evilmike_diamond_1, grunt_decor_cap, uniq_gastronok
Sewer:    sewer_co_15_rooms

Skill      XL: |  1  2  3  4  5  6  7  8  9 10 11 12 |
---------------+-------------------------------------+-----
Spellcasting   | 2 3 4 5 8 10 11 | 11.8
Transmutations | 1 |  1.0
Earth Magic    | 5 6 7 8 9 10 12 | 12.6
Short Blades   | 1 2 |  2.0
Stealth        | 3 4 |  4.0
Fighting       | 1 |  1.0
Invocations    | 1 6 8 |  8.0
Dodging        | 4 |  4.0
Staves         | 4 |  4.0
Evocations     | 5 6 |  6.1

Action                   |  1- 3 |  4- 6 |  7- 9 | 10-12 || total
-------------------------+-------+-------+-------+-------++-------
Melee: Dagger            |    31 |    18 |    29 |    15 ||    93
       Short sword       |       |    46 |       |       ||    46
       Whip              |       |       |    13 |       ||    13
       Staff             |       |       |       |     8 ||     8
 Cast: Sandblast         |    18 |    98 |    67 |    57 ||   240
       Passwall          |     5 |     8 |     4 |       ||    17
       Lee's Rapid Decon |       |       |    64 |   147 ||   211
       Petrify           |       |       |     4 |    16 ||    20
Invok: Divine Energy     |       |     1 |       |       ||     1
 Abil: Heal Wounds       |       |       |       |     1 ||     1
  Use: Scroll            |       |     4 |    13 |     6 ||    23
       Potion            |       |     4 |     5 |     9 ||    18
 Stab: Sleeping          |     4 |    11 |     2 |       ||    17
       Distracted        |     1 |       |       |       ||     1
       Petrified         |       |       |     3 |     2 ||     5
       Invisible         |       |       |       |     3 ||     3
  Eat: Chunk             |       |    10 |    23 |    37 ||    70
       Ration            |       |       |     3 |     3 ||     6
Armor: Robe              |    16 |    14 |       |       ||    30
       Leather armour    |       |     3 |    15 |     2 ||    20
       Troll leather arm |       |       |       |    41 ||    41
Dodge: Dodged            |    44 |    52 |    36 |    72 ||   204

Table legend:
 A = Non-vault XP
 B = Vault XP
 C = Vault XP percentage of total XP
 D = Non-vault monster count
 E = Vault monster count
 F = Vault count percentage of total count
                 A         B        C        D         E       F
            +---------+---------+-------+---------+---------+-------
      Total |   18959 |    4044 |  17.6 |     301 |      62 |  17.1
            +---------+---------+-------+---------+---------+-------
        D:1 |      48 |       0 |   0.0 |      27 |       0 |   0.0
        D:2 |      45 |       0 |   0.0 |      16 |       0 |   0.0
        D:3 |     196 |       0 |   0.0 |      31 |       0 |   0.0
        D:4 |     347 |      61 |  15.0 |      17 |       5 |  22.7
        D:5 |     264 |      29 |   9.9 |      11 |       7 |  38.9
        D:6 |    1336 |       0 |   0.0 |      32 |       0 |   0.0
        D:7 |     921 |     786 |  46.0 |      21 |      10 |  32.3
        D:8 |    1219 |     270 |  18.1 |      25 |       2 |   7.4
        D:9 |    2009 |    1173 |  36.9 |      19 |      12 |  38.7
       D:10 |    4398 |       0 |   0.0 |      28 |       0 |   0.0
       D:11 |    5881 |     932 |  13.7 |      49 |       1 |   2.0
       D:12 |    2295 |     602 |  20.8 |      25 |       6 |  19.4
      Sewer |       0 |     191 | 100.0 |       0 |      19 | 100.0
            +---------+---------+-------+---------+---------+-------
